 Dungeon Crawl Stone Soup version 0.29.1-15-g9cfb28693d (webtiles) character file.

Game seed: 12178172070307015166

79 Ast3rio the Grave Robber (level 4, 0/30 HPs)
             Began as a Vampire Necromancer on Mar 14, 2023.
             Slain by a worm (7 damage)
             ... on level 3 of the Dungeon.
             The game lasted 00:03:26 (2352 turns).

Ast3rio the Grave Robber (Vampire Necromancer)      Turns: 2352, Time: 00:03:26

Health: 0/30       AC:  6    Str:  7    XL:     4   Next: 16%
Magic:  2/7        EV: 12    Int: 19    God:
Gold:   37         SH:  0    Dex: 14    Spells: 7/8 levels left

rFire   . . .      SeeInvis +   (no weapon)
rCold   + . .      Faith    .   (no shield)
rNeg    . . .      Spirit   .   e - +3 leather armour {rC+}
rPois   .          Reflect  .   (no helmet)
rElec   .          Harm     .   (no cloak)
rCorr   .          Rampage  .   (no gloves)
Will    .....                   (no boots)
Stlth   ++........              (no amulet)
HPRegen 0.30/turn               (no ring)
MPRegen 0.10/turn               (no ring)

@: healing quickly
A: alive, fangs 3, see invisible, vampiric 2
a: Exsanguinate


You were on level 3 of the Dungeon.
You visited 1 branch of the dungeon, and saw 3 of its levels.

You collected 37 gold pieces.

Inventory:

Armour
 a - a +0 robe
 e - a +3 leather armour of cold resistance (worn)
Scrolls
 c - a scroll of enchant armour {unknown}
 f - a scroll of identify {unknown}
 g - 2 scrolls of immolation {unknown}
 j - 4 scrolls of magic mapping {unknown}
 l - a scroll of silence {unknown}
 n - a scroll of vulnerability {unknown}
 o - a scroll of torment {unknown}
Potions
 b - a potion of magic
 d - 4 potions of curing {unknown}
 h - a potion of degeneration {unknown}
 i - a potion of lignification {unknown}
 k - 2 potions of might {unknown}
 m - a potion of cancellation {unknown}
 p - 2 potions of haste {unknown}


   Skills:
 * Level 0.0 Fighting
 + Level 3.1 Dodging
 + Level 4.2 Stealth
 * Level 2.6 Spellcasting
 * Level 4.9 Necromancy


You had 7 spell levels left.
You knew the following spells:

 Your Spells              Type           Power      Damage    Failure   Level
a - Necrotise             Necr           84%        1d8       3%          1

Your spell library contained the following spells:

 Spells                   Type           Power      Damage    Failure   Level
 Vampiric Draining        Necr           21%        2d7       10%         3
 Magic Dart               Conj           8%         1d3       24%         1
 Animate Dead             Necr           21%        N/A       30%         4
 Call Imp                 Summ           2%         N/A       36%         2
 Searing Ray              Conj           4%         2d4       36%         2
 Mephitic Cloud           Conj/Pois/Air  2%         N/A       58%         3
 Agony                    Necr           21%        N/A       65%         5
 Fulminant Prism          Conj/Hex       1%         3d6       94%         4


Dungeon Overview and Level Annotations

Branches:
Dungeon (3/15)

Altars:


Innate Abilities, Weirdness & Mutations

Your natural rate of healing is accelerated.
You have razor-sharp teeth.
You have supernaturally acute eyesight. (SInv)
You are afflicted with vampirism and can become a bat while bloodless.


Message History

The worm closely misses you.
You hit the worm.
The worm is moderately wounded.
You barely miss the worm.
The worm is moderately wounded.
The worm bites you but does no damage.
You hit the worm.
The worm is moderately wounded.
The worm bites you.
You hit the worm but do no damage.
The worm is moderately wounded.
You hit the worm but do no damage. You bite the worm.
The worm is severely wounded.
The worm barely misses you.
You hit the worm but do no damage.
The worm is heavily wounded.
You hit the worm.
The worm is severely wounded.
The worm bites you.
You hit the worm but do no damage. You bite the worm, but do no damage.
The worm is severely wounded.
The worm bites you.
You hit the worm.
The worm is severely wounded.
You hit the worm.
The worm is severely wounded.
The worm misses you.
You hit the worm but do no damage.
The worm is severely wounded.
You hit the worm.
The worm is severely wounded.
The worm bites you.
* * * LOW HITPOINT WARNING * * *
Casting: Necrotise (safe; 3% risk of failure)
Confirm with . or Enter, or press ? or * to list all spells.
Aiming: Necrotise (safe; 3% risk of failure)
Press: ? - help, Shift-Dir - straight line, f/p - worm
Aim: a worm (severely wounded, chance to affect: 85%)
The worm writhes in agony.
The worm bites you!
You die...

#. #.# #.# #.# #.# #.# #
. #######.###.#..§#
.........@w..§_..
##########.###.....<
#.................##
#####.#######...#.......
#.....# #...# ..####
#.###########...# ...
#.#............... ..
#.###.#########.... .
#............. .....


You could see a worm.

Vanquished Creatures
  A gnoll (D:1)
  An adder (D:2)
  2 worms (D:2)
  A dart slug (D:2)
  A ball python (D:1)
  6 bats
  6 endoplasms
  2 giant cockroaches (D:1)
  9 goblins
  5 hobgoblins
  A quokka (D:2)
  4 frilled lizards
  2 kobolds (D:1)
  2 rats (D:2)
43 creatures vanquished.

Vanquished Creatures (collateral kills)
  A dart slug (D:1)
  A rat (D:1)
2 creatures vanquished.

Grand Total: 45 creatures vanquished

Notes
Turn   | Place    | Note
-------+----------+-------------------------------------------
     0 | D:1      | Ast3rio the Vampire Necromancer began the quest for the
                  | Orb.
     0 | D:1      | Reached XP level 1. HP: 13/13 MP: 3/3
   426 | D:1      | Reached XP level 2. HP: 16/19 MP: 3/5
   569 | D:1      | Gained mutation: You are afflicted with vampirism and can
                  | become a bat while bloodless. [Vampire growth]
   569 | D:1      | Reached XP level 3. HP: 19/24 MP: 1/6
  1731 | D:2      | Reached XP level 4. HP: 30/30 MP: 4/7
  2304 | D:3      | Found a faded altar of an unknown god.
  2352 | D:3      | Slain by a worm

Illustrated notes

Levels and vault maps discovered:
D:1:      matt_arrival_grand_opening, layout_basic, minmay_misc_feat_tiny
D:2:      layout_loops_corners
D:3:      layout_basic, general_overflow_altar, mainiacjoe_overflow_boulevard,
          marbit_many_paths, ebering_ecumenical_altar_mist

Skill      XL: |  1  2  3 |
---------------+----------+-----
Stealth        | 4 |  4.2
Dodging        | 3 |  3.1
Spellcasting   | |  2.6
Necromancy     | |  4.9

Action                   |  1- 3 |  4- 6 || total
-------------------------+-------+-------++-------
Melee: Unarmed           |    24 |    33 ||    57
       Punch             |     1 |     1 ||     2
       Bite              |       |     4 ||     4
 Cast: Necrotise         |    73 |    19 ||    92
Armor: Leather armour    |     7 |     2 ||     9
       Robe              |     1 |       ||     1
Dodge: Dodged            |    27 |    17 ||    44
